 Dungeon Crawl Stone Soup version 0.28.0 (webtiles) character file.

Game seed: 7504421650227960124

4 sanka the Sneak (level 1, 0/13 HPs)
             Began as a Vampire Fire Elementalist on Feb 10, 2022.
             Slain by a jackal (2 damage)
             ... on level 1 of the Dungeon.
             The game lasted 00:00:39 (191 turns).

sanka the Sneak (Vampire Fire Elementalist)          Turns: 191, Time: 00:00:39

Health: 0/13       AC:  2    Str:  7    XL:     1   Next: 50%
Magic:  1/3        EV: 12    Int: 17    God:
Gold:   16         SH:  0    Dex: 14    Spells: 3/4 levels left

rFire   . . .      SeeInvis +   (no weapon)
rCold   . . .      Faith    .   (no shield)
rNeg    . . .      Spirit   .   a - +0 robe
rPois   .          Reflect  .   (no helmet)
rElec   .          Harm     .   (no cloak)
rCorr   .          Rampage  .   (no gloves)
Will    .....                   (no boots)
Stlth   ++........              (no amulet)
HPRegen 0.24/turn               (no ring)
MPRegen 0.08/turn               (no ring)

@: healing quickly
A: alive, fangs 3, see invisible, vampiric 1
a: Exsanguinate


You were on level 1 of the Dungeon.
You visited 1 branch of the dungeon, and saw 1 of its levels.

You collected 16 gold pieces.

Inventory:

Armour
 a - a +0 robe (worn)
Scrolls
 b - a scroll of magic mapping {unknown}
 c - a scroll of identify {unknown}
 e - a scroll of teleportation {unknown}
Potions
 d - a potion of berserk rage {unknown}
 f - a potion of heal wounds {unknown}


   Skills:
 - Level 2.1 Dodging
 - Level 3.0 Stealth
 - Level 2.0 Spellcasting
 + Level 0.9 Conjurations
 + Level 2.5 Fire Magic


You had 3 spell levels left.
You knew the following spells:

 Your Spells              Type           Power      Damage    Failure   Level
a - Foxfire               Conj/Fire      28%        2x1d5     10%         1

Your spell library contained the following spells:

 Spells                   Type           Power      Damage    Failure   Level
 Scorch                   Fire           20%        2d6       11%         2
 Conjure Flame            Conj/Fire      7%         6-21      28%         3
 Inner Flame              Hex/Fire       6%         N/A       34%         3
 Flame Wave               Conj/Fire      7%         2d5       67%         4


Dungeon Overview and Level Annotations

Branches:
Dungeon (1/15)

Altars:


Innate Abilities, Weirdness & Mutations

Your natural rate of healing is accelerated.
You have razor-sharp teeth.
You have supernaturally acute eyesight. (SInv)
You are afflicted with vampirism.


Message History

Unknown command.
Unknown command.
You are too depleted to draw on your mana recklessly!
Unknown command.
You hit the jackal.
The jackal is moderately wounded.
The foxfire hits the jackal but does no damage.
The jackal is moderately wounded.
The foxfire hits the jackal but does no damage.
The jackal is lightly wounded.
The jackal bites you.
The jackal bites you but does no damage.
You hit the jackal but do no damage.
The jackal is moderately wounded.
The jackal closely misses you. The jackal barely misses you. x3
You hit the jackal.
The jackal is heavily wounded.
The jackal bites you. The jackal misses you. The giant cockroach misses you.
Unknown command.
You closely miss the jackal.
The jackal is heavily wounded.
The jackal bites you. The jackal barely misses you.
The giant cockroach completely misses you.
The jackal completely misses you.
Unknown command.
You closely miss the jackal.
The jackal is heavily wounded.
The jackal barely misses you.
The giant cockroach bites you but does no damage.
The jackal bites you. x2
* * * LOW HITPOINT WARNING * * *
Unknown command.
You are too injured to fight recklessly!
Unknown command.
The jackal bites you but does no damage.
The jackal completely misses you. The jackal barely misses you.
The jackal bites you.
* * * LOW HITPOINT WARNING * * *
The jackal bites you.
You die...

.. #.# ##.## ..## ...##
#.##### ♣... .... #......
..# ...###.########## ♣.#
#... ......#####. ♣.####.#
#...........
♣..Bh@.########.#.####
♣♣♣...h......###.###.###
♣.....##..##.##.## ##...
♣♣♣♣..###.##.....###.###
♣..♣.............#.....
....h.♣♣♣..........###.#.###
.8_8. ♣...###.##.#.# ###.#
♣♣♣♣ ....# #...>..# #.#
....# ####...# ###.###


You could see 2 jackals and a giant cockroach.

Vanquished Creatures
  A dart slug (D:1)
  A frilled lizard (D:1)
  A rat (D:1)
3 creatures vanquished.

Vanquished Creatures (others)
  11 foxfires (D:1)
11 creatures vanquished.

Grand Total: 14 creatures vanquished

Notes
Turn   | Place    | Note
-------+----------+-------------------------------------------
     0 | D:1      | sanka the Vampire Fire Elementalist began the quest for the
                  | Orb.
     0 | D:1      | Reached XP level 1. HP: 13/13 MP: 3/3
   176 | D:1      | Found a faded altar of an unknown god.
   191 | D:1      | Slain by a jackal

Illustrated notes

Levels and vault maps discovered:
D:1:      beargit_arrival_greenhouse, layout_loops_ring,
          shapermc_ecumenical_altar_totnotflames, hangedman_decor_growths,
          solitary_fountain

Action                   || total
-------------------------++-------
Melee: Unarmed           ||     6
       Bite              ||     1
 Cast: Foxfire           ||     8
Armor: Robe              ||     3
Dodge: Dodged            ||    14
